 Dungeon Crawl Stone Soup version 0.31-a0-175-g9f7f995f2b (webtiles) character file.

Game seed: 12977896402558153568

572 jasper the Caller (level 7, -6/32 HPs)
             Began as a Spriggan Summoner on June 16, 2023.
             Was a Follower of the Shining One.
             Mangled by an iguana (10 damage)
             ... on level 4 of the Dungeon.
             The game lasted 00:08:00 (3596 turns).

jasper the Caller (Spriggan Summoner)               Turns: 3596, Time: 00:08:00

Health: -6/32      AC:  7    Str:  4    XL:     7   Next: 12%
Magic:  10/12      EV: 17    Int: 18    God:    the Shining One [*.....]
Gold:   305        SH:  0    Dex: 16    Spells: 1/12 levels left

rFire   . . .        o - +1 trident
rCold   . . .        (shield currently unavailable)
rNeg    . . .        a - +1 robe
rPois   .            (helmet restricted)
rElec   .            (no cloak)
rCorr   .            (gloves unavailable)
SInv    +            (boots unavailable)
Will    +....        (no amulet)
Stlth   +            l - +4 ring of protection
HPRegen 0.25/turn    (no ring)
MPRegen 0.13/turn

%: no passive effects
@: glowing, very quick
A: very small, no large weapons, unfitting armour, see invisible, speed 3
a: Renounce Religion, Divine Shield


You were on level 4 of the Dungeon.
You worshipped the Shining One.
The Shining One was aware of your devotion.
You visited 1 branch of the dungeon, and saw 4 of its levels.

You collected 305 gold pieces.

Inventory:

Hand Weapons
 f - a +0 whip
 j - a +0 spear
 o - a +1 trident (weapon)
Armour
 a - a +1 robe (worn)
 g - a scarf of harm
Jewellery
 i - a ring of fire
 l - a +4 ring of protection (left hand)
Scrolls
 k - 2 scrolls of identify
 p - a scroll of amnesia
Potions
 b - a potion of magic
 c - a potion of heal wounds
 d - a potion of haste
 e - a potion of might {unknown}
 h - 2 potions of brilliance {unknown}
 n - a potion of ambrosia {unknown}
 q - a potion of mutation {unknown}
 s - a potion of enlightenment {unknown}
 t - a potion of degeneration {unknown}


   Skills:
 - Level 2.7 Dodging
 - Level 3.0 Stealth
 - Level 3.0 Spellcasting
 - Level 2.0 Hexes
 * Level 6.6 Summonings
 + Level 1.8 Air Magic


You had one spell level left.
You knew the following spells:

 Your Spells              Type           Power      Damage    Failure   Level
a - Summon Small Mammal   Summ           100%       N/A       1%          1
b - Summon Lightning Spi  Summ/Air       18%        N/A       28%         4
c - Call Canine Familiar  Summ           26%        N/A       3%          3
d - Summon Guardian Gole  Hex/Summ       18%        N/A       9%          3

Your spell library contained the following spells:

 Spells                   Type           Power      Damage    Failure   Level
 Call Imp                 Summ           52%        N/A       1%          2


Dungeon Overview and Level Annotations

Branches:
Dungeon (4/15)             Temple (0/1) D:4

Altars:
Cheibriados
Fedhas
Nemelex Xobeh
Yredelemnul
The Shining One

Shops:
D:2 (


Innate Abilities, Weirdness & Mutations

You are very small and have problems with some larger weapons.
You are too small for most types of armour.
You have supernaturally acute eyesight. (SInv)
You cover ground extremely quickly. (Speed+++)


Message History

Your hound disappears in a puff of smoke!
An iguana comes into view.
MP restored: 12
Casting: Call Canine Familiar (dangerous; 3% risk of failure)
Confirm with . or Enter, or press ? or * to list all spells.
Okay, then.
The iguana hisses angrily.
Casting: Call Canine Familiar (dangerous; 3% risk of failure)
Confirm with . or Enter, or press ? or * to list all spells.
You now have 9/12 mp.
You hit the iguana but do no damage. The iguana closely misses you.
You hit the iguana but do no damage.
Your hound barely misses the iguana.
The iguana bites you!
Your hound barely misses the iguana.
You take 9 damage, and have 23/32 hp.
MASSIVE DAMAGE!!
You hit the iguana but do no damage.
Your hound barely misses the iguana.
The iguana closely misses you.
Your hound bites the iguana.
The iguana bites you!
You take 12 damage, and have 11/32 hp.
MASSIVE DAMAGE!!
You barely miss the iguana.
The iguana is moderately wounded.
Your hound bites the iguana.
Your hound bites the iguana but does no damage.
The iguana bites you!
* * * LOW HITPOINT WARNING * * *
You take 9 damage, and have 2/32 hp.
MASSIVE DAMAGE!!
You hit the iguana.
The iguana is heavily wounded.
Your hound misses the iguana. The iguana barely misses you.
Your hound barely misses the iguana.
Your hound bites the iguana but does no damage.
Your hound bites the iguana.
Your hound bites the iguana.
Reach: o) +1 trident
Press: ? - help, Dir - move target, f - iguana
Aim: an iguana (severely wounded, not watching you, ally target, about 37% to evade your +1 trident)
You reach to attack!
You barely miss the iguana.
The iguana is severely wounded.
Your hound closely misses the iguana.
The iguana bites you!
You die...

##.###................
....#.......#'#.......
#..........#.#......# .
####.......###......# #..
######...............#
....#.....###.#...#.##...#
#........##.##..#.##.###
#.....hl.....#..... ..
.........@..........
....................
###.#...#....#...# #
#..##........# #..
....#..### #.. ..######
#...... #..#


You could see an iguana (ally target) and a friendly hound (summoned).

Vanquished Creatures
  A human zombie (D:4)
  An iguana (D:4)
  A gnoll (D:4)
  3 adders
  A worm (D:3)
  2 dart slugs
  5 orcs
  2 ball pythons
  2 giant cockroaches (D:3)
  3 hobgoblins (D:2)
  3 jackals
  2 quokkas
  3 bats
  A frilled lizard (D:3)
  A goblin zombie (D:4)
  A kobold skeleton (D:4)
  2 rats (D:2)
34 creatures vanquished.

Vanquished Creatures (collateral kills)
  A human (D:4)
  An orc priest (D:3)
  An iguana (D:3)
  An orc wizard (D:4)
  2 adders
  3 gnolls (D:4)
  An ufetubus (D:4)
  2 worms
  A dart slug (D:2)
  12 orcs
  2 endoplasms
  5 goblins
  3 hobgoblins
  6 jackals
  3 kobolds
  4 ball pythons
  A bat (D:2)
  2 frilled lizards (D:1)
  2 rats
53 creatures vanquished.

Vanquished Creatures (others)
  An ogre (D:4)
  An orc wizard (D:4)
  An orc (D:4)
  A jackal (D:4)
4 creatures vanquished.

Grand Total: 91 creatures vanquished

Notes
Turn   | Place    | Note
-------+----------+-------------------------------------------
     0 | D:1      | jasper the Spriggan Summoner began the quest for the Orb.
     0 | D:1      | Reached XP level 1. HP: 9/9 MP: 5/5
   372 | D:1      | Reached XP level 2. HP: 13/13 MP: 5/7
   381 | D:1      | Learned a level 2 spell: Call Imp
  1164 | D:2      | Reached skill level 4 in Summonings
  1206 | D:2      | Reached XP level 3. HP: 14/16 MP: 5/8
  1231 | D:2      | Learned a level 3 spell: Call Canine Familiar
  1263 | D:2      | Found a faded altar of an unknown god.
  1328 | D:2      | Found Fistor's Antique Weapon Boutique.
  1988 | D:3      | Found a snail-covered altar of Cheibriados.
  2002 | D:3      | Reached XP level 4. HP: 21/21 MP: 2/9
  2219 | D:3      | Reached skill level 5 in Summonings
  2353 | D:3      | Learned a level 3 spell: Summon Guardian Golem
  2487 | D:3      | Found a blossoming altar of Fedhas.
  2489 | D:3      | Found a glowing golden altar of the Shining One.
  2525 | D:3      | Became a worshipper of the Shining One
  2572 | D:3      | Reached XP level 5. HP: 23/24 MP: 10/10
  2742 | D:3      | Found a sparkling altar of Nemelex Xobeh.
  3021 | D:3      | Reached skill level 1 in Hexes
  3086 | D:4      | Found a staircase to the Ecumenical Temple.
  3219 | D:4      | Noticed an ogre
  3237 | D:4      | Killed an ogre
  3238 | D:4      | Reached skill level 6 in Summonings
  3238 | D:4      | Reached XP level 6. HP: 28/28 MP: 2/11
  3251 | D:4      | Learned a level 4 spell: Summon Lightning Spire
  3429 | D:4      | Reached skill level 1 in Air Magic
  3454 | D:4      | Found a runed translucent door.
  3454 | D:4      | Noticed a human
  3454 | D:4      | Reached * piety under the Shining One
  3458 | D:4      | Found a basalt altar of Yredelemnul.
  3510 | D:4      | Killed a human
  3511 | D:4      | Reached XP level 7. HP: 32/32 MP: 3/12
  3596 | D:4      | Mangled by an iguana

Illustrated notes

Levels and vault maps discovered:
D:1:      wander_arrival_peaceful_grave, layout_loops_ring
D:2:      layout_basic, serial_shops, shop,
          hellmonk_ecumenical_altar_pennies_from_heaven, moated_statue
D:3:      layout_loops_ring, lemuel_coloured_pillars_altar,
          mainiacjoe_overflow_catwalk_spiral, amcnicky_altar_gilded
D:4:      layout_cave_pools, dk_yredelemnul_ordeal,
          minmay_temple_entry_gardened_gates, gammafunk_ghost_smash,
          grunt_ministairs_15

Skill      XL: |  1  2  3  4  5  6 |
---------------+-------------------+-----
Spellcasting   | 3 |  3.0
Summonings     | 4 5 6 |  6.6
Hexes          | 2 |  2.0
Air Magic      | 1 |  1.8
Dodging        | |  2.7
Stealth        | |  3.0

Action                     |  1- 3 |  4- 6 |  7- 9 || total
---------------------------+-------+-------+-------++-------
  Melee: Unarmed           |    13 |       |       ||    13
         Whip              |     7 |       |       ||     7
         Spear             |    80 |     6 |       ||    86
         Punch             |     1 |       |       ||     1
         Trident           |       |   105 |     6 ||   111
   Cast: Summon Small Mamm |    10 |       |       ||    10
         Call Imp          |    21 |     4 |       ||    25
         Call Canine Famil |     3 |    18 |     1 ||    22
         Summon Guardian G |       |     2 |       ||     2
    Use: Scroll            |     3 |     4 |       ||     7
         Potion            |     1 |       |       ||     1
   Stab: Sleeping          |     5 |     3 |       ||     8
 Armour: Robe              |    12 |    23 |       ||    35
  Dodge: Dodged            |    88 |    88 |     3 ||   179

Table legend: (Time is in decaauts)
 A = Elapsed time spent in this place.
 B = Non-inter-level travel time spent in this place.
 C = Inter-level travel time spent in this place.
 D = Time resting spent in this place.
 E = Time spent auto-exploring this place.
 F = Levels seen in this place.
 G = Mean time per level.
                   A        B        C        D        E       F      G
               +--------+--------+--------+--------+--------+-----+--------+
         Total |   2816 |   2774 |     42 |    243 |   1601 |   4 |  704.0 |
       Dungeon |   2816 |   2774 |     42 |    243 |   1601 |   4 |  704.0 |
               +--------+--------+--------+--------+--------+-----+--------+

Top non-repeatable levels by time:
     D:3: 948 daAuts
     D:1: 750 daAuts
     D:2: 644 daAuts
     D:4: 472 daAuts
